 Dungeon Crawl Stone Soup version 0.19.1-1-g22dce08 (webtiles) character file.

60 nikopol the Skirmisher (level 4, -1/43 HPs)
             Began as a Gargoyle Berserker on Jan 13, 2017.
             Was a Believer of Trog.
             Slain by a gnoll
             ... wielding a +0 whip
              (7 damage)
             ... on level 2 of the Dungeon.
             The game lasted 00:02:10 (753 turns).

nikopol the Skirmisher (Gargoyle Berserker)          Turns: 753, Time: 00:02:11

Health: -1/43      AC:  7    Str: 26    XL:     4   Next: 4%
Magic:  4/4        EV: 12    Int:  7    God:    Trog [**....]
Gold:   26         SH:  0    Dex: 10    Spells: 0 memorised, 3 levels left

rFire  . . .     SeeInvis .     a - +0 hand axe
rCold  . . .     Gourm    .     e - +0 leather armour
rNeg   + . .     Faith    .     (no shield)
rPois  ∞         Spirit   .     (no helmet)
rElec  +         Reflect  .     (no cloak)
rCorr  .         Harm     .     (no gloves)
MR     .....                    (no boots)
Stlth  ..........               (no amulet)
                                (no ring)
                                (no ring)

@: berserking, very quick
A: negative energy resistance 1, electricity resistance, unbreathing,
petrification resistance, rot immunity, AC +3
a: Berserk, Trog's Hand, Burn Spellbooks, Renounce Religion


You were on level 2 of the Dungeon.
You worshipped Trog.
Trog was pleased with you.
You were hungry.

You visited 1 branch of the dungeon, and saw 2 of its levels.

You collected 26 gold pieces.

Inventory:

Hand Weapons
 a - a +0 hand axe (weapon)
Missiles
 f - 16 arrows (quivered)
Armour
 b - a +0 animal skin
 e - a +0 leather armour (worn)
Scrolls
 d - a scroll of fear {unknown}
 g - a scroll of teleportation {unknown}
 k - a scroll of remove curse {unknown}
 l - a scroll of immolation {unknown}
Potions
 h - a potion of brilliance {unknown}
 i - a potion of magic {unknown}
 j - a potion of lignification {unknown}
Comestibles
 c - 2 bread rations


   Skills:
 + Level 3.8 Fighting
 + Level 3.2 Axes
 + Level 2.9 Armour
 + Level 2.1 Dodging


You had 3 spell levels left.
You didn't know any spells.

Dungeon Overview and Level Annotations

Branches:
Dungeon (2/15)

Altars:


Innate Abilities, Weirdness & Mutations

You are resistant to torment.
Your stone body is resilient. (AC +3)
You are immune to poison.
You resist negative energy. (rN+)
You are resistant to electric shocks. (rElec)
You can survive without breathing.
You are immune to petrification.
You are immune to rotting.


Message History

You are too injured to fight recklessly!
You are too injured to fight recklessly!
You are too injured to fight recklessly!
You are too injured to fight recklessly!
You are too injured to fight recklessly!
You are too injured to fight recklessly!
You are too injured to fight recklessly!
You are too injured to fight recklessly!
You are too injured to fight recklessly!
You are too injured to fight recklessly!
You are too injured to fight recklessly!
You are too injured to fight recklessly!
You are too injured to fight recklessly!
The bat hits you but does no damage.
Found a hunting sling.
You see here an adder corpse.
You barely miss the gnoll. You hit the gnoll.
The bat hits you but does no damage. The gnoll barely misses you.
The gnoll hits you with a whip!
You die...

.!... ######+#.....
#............
#............
#.......... ###........
## .......g.# #.
......g@.# #.
........b##############.
.....(................†.
................##....##
................##....#
................##....#
.........#########....#
)........# #....#
........# #....#


You could see 2 gnolls and a bat.

Vanquished Creatures
  3 adders
  A gnoll (D:2)
  A giant cockroach (D:1)
  4 hobgoblins
  4 jackals (D:1)
  A kobold (D:2)
  A ball python (D:1)
  2 frilled lizards (D:1)
  3 goblins (D:1)
  5 rats (D:1)
25 creatures vanquished.

Notes
Turn   | Place    | Note
-------+----------+-------------------------------------------
     0 | D:1      | nikopol the Gargoyle Berserker began the quest for the Orb.
     0 | D:1      | Reached XP level 1. HP: 14/14 MP: 1/1
   185 | D:1      | Reached XP level 2. HP: 19/19 MP: 2/2
   610 | D:1      | Reached XP level 3. HP: 23/23 MP: 3/3
   747 | D:2      | Reached ** piety under Trog
   747 | D:2      | Reached XP level 4. HP: 17/29 MP: 4/4
   753 | D:2      | Slain by a gnoll

Skill      XL: |  1  2  3 |
---------------+----------+-----
Axes           | 3 |  3.2
Dodging        | 2 |  2.1
Fighting       | |  3.8
Armour         | |  2.9

Action                   |  1- 3 |  4- 6 || total
-------------------------+-------+-------++-------
Melee: Hand axe          |    84 |     4 ||    88
Invok: Berserk           |       |     1 ||     1
Armor: Leather armour    |    27 |     4 ||    31
       Animal skin       |     4 |       ||     4
Dodge: Dodged            |    64 |     8 ||    72
